 Dungeon Crawl Stone Soup version 0.27.1-2-g3b301248ec (webtiles) character file.

Game seed: 15598579500584984674

105 cummra the Digger (level 4, -7/24 HPs)
             Began as a Gargoyle Earth Elementalist on Sept 29, 2021.
             Mangled by an iguana (12 damage)
             ... on level 3 of the Dungeon.
             The game lasted 00:10:15 (3438 turns).

cummra the Digger (Gargoyle Earth Elementalist)     Turns: 3438, Time: 00:10:16

Health: -7/24      AC:  6    Str: 12    XL:     4   Next: 83%
Magic:  7/9        EV: 11    Int: 16    God:
Gold:   124        SH:  0    Dex: 10    Spells: 5/9 levels left

rFire    x . .     SeeInvis .   a - +0 club
rCold    + . .     Faith    .   (no shield)
rNeg     + . .     Spirit   .   b - +0 robe
rPois    ∞         Reflect  .   i - +0 helmet
rElec    +         Harm     .   (no cloak)
rCorr    .         Rampage  .   (no gloves)
Will     +....                  (no boots)
Stlth    ++........             (no amulet)
HPRegen  0.08/turn              d - ring of ice
MPRegen  0.11/turn              e - ring of willpower

@: no status effects
A: sickness immunity, AC +3, negative energy resistance 1, electricity
resistance, torment resistance 1, petrification resistance
a: no special abilities


You were on level 3 of the Dungeon.
You visited 1 branch of the dungeon, and saw 3 of its levels.

You collected 124 gold pieces.

Inventory:

Hand Weapons
 a - a +0 club (weapon)
Missiles
 c - 35 stones
Armour
 b - a +0 robe (worn)
 i - a +0 helmet (worn)
Jewellery
 d - a ring of ice (left hand)
 e - a ring of willpower (right hand)
 j - a ring of protection from fire
Scrolls
 g - a scroll of enchant weapon {unknown}
Potions
 h - a potion of brilliance {unknown}


   Skills:
 - Level 1.5 Dodging
 - Level 2.1 Stealth
 + Level 3.3 Spellcasting
 + Level 0.8 Conjurations
 - Level 0.7 Transmutations
 + Level 5.2 Earth Magic


You had 5 spell levels left.
You knew the following spells:

 Your Spells              Type           Power      Damage    Failure   Level
a - Sandblast             Erth           38%        2d10      2%          1
b - Stone Arrow           Conj/Erth      24%        3d8       16%         3

Your spell library contained the following spells:

 Spells                   Type           Power      Damage    Failure   Level
 Passwall                 Tmut/Erth      10%        N/A       9%          2
 Corona                   Hex            2%         N/A       19%         1
 Ensorcelled Hibernation  Hex/Ice        8%         N/A       26%         2
 Dazzling Flash           Conj/Hex       8%         N/A       41%         3
 Tukima's Dance           Hex            2%         N/A       47%         3
 Petrify                  Tmut/Erth      12%        N/A       47%         4
 Iskenderun's Mystic Bla  Conj/Tloc      4%         2d3       83%         4
 Starburst                Conj/Fire      2%         6d3       100%        6


Dungeon Overview and Level Annotations

Branches:
Dungeon (3/15)

Altars:

Shops:
D:1 *

Annotations:
D:1 Terence


Innate Abilities, Weirdness & Mutations

You are immune to sickness and miasma.
Your stone body is resilient. (AC +3)
You are immune to poison.
You resist negative energy. (rN+)
You are resistant to electric shocks. (rElec)
You are resistant to unholy torment.
You are immune to petrification.


Message History

Casting: Sandblast (safe; 2% risk of failure)
Confirm with . or Enter, or press ? or * to list all spells.
Aiming: Sandblast (safe; 2% risk of failure)
Press: ? - help, Shift-Dir - straight line, f/p - iguana
Aim: an iguana (82% to hit)
The blast of sand hits the iguana!
The iguana is almost dead.
Casting: Sandblast (safe; 2% risk of failure)
Confirm with . or Enter, or press ? or * to list all spells.
Aiming: Sandblast (safe; 2% risk of failure)
Press: ? - help, Shift-Dir - straight line, f/p - iguana
Aim: an iguana (almost dead, 82% to hit)
The blast of sand hits the iguana but does no damage.
The iguana is almost dead.
The iguana barely misses you.
You closely miss the iguana.
The iguana is almost dead.
The iguana bites you.
You closely miss the iguana.
The iguana is almost dead.
The iguana barely misses you.
You barely miss the iguana.
The iguana is almost dead.
The iguana barely misses you.
You hit the iguana.
The iguana is almost dead.
The iguana closely misses you.
The iguana bites you but does no damage.
You closely miss the iguana.
The iguana is almost dead.
The iguana bites you.
You barely miss the iguana.
The iguana is almost dead.
The iguana bites you!
* * * LOW HITPOINT WARNING * * *
You closely miss the iguana.
The iguana is almost dead.
The iguana bites you!
Ouch! That really hurt!
You die...

########
#......####.#.#
#.##...@l......
#.##.#.####....
#.. #.# .
#.####.#
#......#
##.###### #...#
+# ##.## ...
#.### ....


You could see an iguana.

Vanquished Creatures
  Robin (D:2)
  4 adders (D:2)
  A worm (D:2)
  8 ball pythons
  2 endoplasms
  2 giant cockroaches (D:1)
  8 hobgoblins
  7 jackals (D:1)
  2 quokkas
  3 bats
  4 frilled lizards
  4 goblins
  6 kobolds
  3 rats
55 creatures vanquished.

Notes
Turn   | Place    | Note
-------+----------+-------------------------------------------
     0 | D:1      | cummra the Gargoyle Earth Elementalist began the quest for
                  | the Orb.
     0 | D:1      | Reached XP level 1. HP: 10/10 MP: 3/3
   363 | D:1      | Reached XP level 2. HP: 15/15 MP: 1/5
   366 | D:1      | Reached skill level 4 in Earth Magic
   849 | D:1      | Found a faded altar of an unknown god.
   897 | D:1      | Found Waeczoh's General Store.
   931 | D:1      | Reached XP level 3. HP: 19/19 MP: 4/6
   964 | D:1      | Learned a level 3 spell: Stone Arrow
  1765 | D:2      | Noticed Robin
  1774 | D:2      | Killed Robin
  2184 | D:2      | Reached XP level 4. HP: 19/24 MP: 6/8
  2283 | D:2      | Noticed Terence
  2339 | D:2      | Reached skill level 5 in Earth Magic
  3438 | D:3      | Mangled by an iguana

Illustrated notes

Levels and vault maps discovered:
D:1:      psy_arrival_dodecagon, layout_basic, serial_shops, shop_fountains,
          shapermc_ecumenical_altar_notcrosses
D:2:      layout_loops_ring, uniq_robin, uniq_terence
D:3:      layout_loops_corners, nicolae_elyvilon_peaceful_grove,
          lightli_sewer_entry_pipes

Skill      XL: |  1  2  3  4 |
---------------+-------------+-----
Earth Magic    | 4 5 |  5.2
Spellcasting   | 3 |  3.3
Dodging        | |  1.5
Stealth        | |  2.1
Conjurations   | |  0.8
Transmutations | |  0.7

Action                   |  1- 3 |  4- 6 || total
-------------------------+-------+-------++-------
Melee: Unarmed           |     9 |       ||     9
       Club              |    61 |    34 ||    95
 Cast: Sandblast         |    44 |    34 ||    78
  Use: Scroll            |       |     1 ||     1
 Stab: Sleeping          |       |     2 ||     2
Armor: Robe              |    35 |    26 ||    61
Dodge: Dodged            |    46 |    48 ||    94
